 Dungeon Crawl Stone Soup version 0.29-a0-993-g4a18f31a58 (webtiles) character file.

Game seed: 10827465282404631486

27507 Pooter the Cleaver (level 13, -4/114 HPs)
             Began as a Minotaur Monk on Aug 2, 2022.
             Was a High Priest of Okawaru.
             Slain by a +2 vorpal glaive (23 damage)
             ... on level 12 of the Dungeon.
             The game lasted 01:26:02 (17494 turns).

Pooter the Cleaver (Minotaur Monk)                 Turns: 17494, Time: 01:26:03

Health: -4/114     AC: 20    Str: 21    XL:     13   Next: 4%
Magic:  16/17      EV: 12    Int:  5    God:    Okawaru [*****.]
Gold:   73         SH:  0    Dex: 25    Spells: 12/12 levels left

rFire   + + .      SeeInvis .   a - +6 broad axe (vorpal)
rCold   + . .      Faith    .   (no shield)
rNeg    . . .      Spirit   .   f - +1 plate armour "Acorriem" {Str+2 Dex+4}
rPois   .          Reflect  .   q - +2 hat {Stlth+}
rElec   .          Harm     .   p - +0 cloak
rCorr   .          Rampage  .   G - +0 pair of gloves {hurl}
Will    .....                   (no boots)
Stlth   ++........              O - amulet of regeneration
HPRegen 1.09/turn               F - ring of protection from fire
MPRegen 0.15/turn               J - ring of flight

@: heroic, flying
A: horns 2, retaliatory headbutt, agile 2, cold resistance 1, fire resistance 1
a: Renounce Religion, Heroism, Finesse, Duel


You were on level 12 of the Dungeon.
You worshipped Okawaru.
Okawaru was extremely pleased with you.
You visited 4 branches of the dungeon, and saw 17 of its levels.

You collected 1158 gold pieces.
You spent 1085 gold pieces at shops.

Inventory:

Hand Weapons
 a - a +6 vorpal broad axe (weapon)
   (You acquired it on level 4 of the Dungeon)
 b - a +0 arbalest
   (You took it off an orc warrior on level 9 of the Dungeon)
 y - a +0 sling
   (You found it on level 2 of the Dungeon)
 B - a +0 halberd
   (You took it off a gnoll on level 5 of the Dungeon)
 D - a +3 morningstar
   (You took it off a wight on level 8 of the Dungeon)
 E - a +4 dire flail
   (You took it off a wight on level 8 of the Dungeon)
 K - a +4 scimitar of flaming
   (You took it off Erica on level 11 of the Dungeon)
 M - a +0 antimagic morningstar
   (You found it on level 11 of the Dungeon)
Missiles
 g - 25 poisoned darts (quivered)
 l - 2 throwing nets {!f}
 m - 9 boomerangs
 x - 2 datura-tipped darts
 I - 4 curare-tipped darts
 L - 4 javelins
 Q - 110 stones
Armour
 f - the +1 plate armour "Acorriem" (worn) {Str+2 Dex+4}
   (Okawaru gifted it to you on level 9 of the Dungeon)

   Str:       It affects your strength (+2).
   Dex:       It affects your dexterity (+4).
 p - a +0 cloak (worn)
   (You found it on level 2 of the Dungeon)
 q - a +2 hat of stealth (worn)
   (You took it off Gastronok on level 9 of the Dungeon)
 G - a +0 pair of gloves of hurling (worn)
   (Okawaru gifted it to you on level 9 of the Dungeon)
Jewellery
 C - a ring of resist corrosion
   (You found it on level 11 of the Dungeon)
 F - a ring of protection from fire (left hand)
   (You found it on level 2 of the Dungeon)
 J - a ring of flight (right hand)
   (You bought it in a shop on level 4 of the Dungeon)
 N - a ring of positive energy
   (You found it on level 9 of the Dungeon)
 O - an amulet of regeneration (around neck)
   (You bought it in a shop on level 12 of the Dungeon)
Wands
 d - a wand of iceblast (8)
   (You found it on level 7 of the Dungeon)
 e - a wand of light (4)
   (You found it on level 3 of the Dungeon)
Scrolls
 j - a scroll of fear
 n - 2 scrolls of magic mapping
 t - 5 scrolls of teleportation {@r4}
 w - 3 scrolls of immolation {!r}
Potions
 c - 4 potions of ambrosia
 h - 2 potions of might
 k - 2 potions of cancellation
 o - 4 potions of curing {@q1}
 r - a potion of attraction {unknown}
 s - 5 potions of lignification {!q}
 u - 2 potions of magic
 v - 2 potions of degeneration {!q}
 z - 3 potions of mutation {!q}
 A - a potion of berserk rage {unknown}
 H - 3 potions of flight
Miscellaneous
 P - a lightning rod (4/4) {!a}
   (You found it on level 12 of the Dungeon)


   Skills:
 + Level 10.3(15.3) Fighting
 * Level 14.2(19.2) Axes
 * Level 12.5(17.5) Ranged Weapons
 + Level 5.0(10.0) Armour
 - Level 3.6(8.6) Dodging
 - Level 5.2(10.2) Stealth
 + Level 7.6 Invocations
 + Level 7.2 Evocations


You had 12 spell levels left.
You didn't know any spells.
Your spell library contained the following spells:

 Spells                   Type           Power      Damage    Failure   Level
 Magic Dart               Conj           0%         1d3       100%        1
 Necrotise                Necr           0%         1d4       100%        1
 Ensorcelled Hibernation  Hex/Ice        0%         N/A       100%        2
 Searing Ray              Conj           0%         2d4       100%        2
 Static Discharge         Conj/Air       0%         3-3/arc   100%        2
 Conjure Flame            Conj/Fire      0%         6-21      100%        3
 Dazzling Flash           Conj/Hex       0%         N/A       100%        3
 Ignite Poison            Fire/Tmut/Pois 0%         N/A       100%        3
 Inner Flame              Hex/Fire       0%         N/A       100%        3
 Ozocubu's Armour         Ice            0%         N/A       100%        3
 Spider Form              Tmut/Pois      0%         N/A       100%        3
 Vampiric Draining        Necr           0%         2d6       100%        3
 Anguish                  Hex/Necr       0%         N/A       100%        4
 Cause Fear               Hex            0%         N/A       100%        4
 Fulminant Prism          Conj/Hex       0%         3d6       100%        4
 Sticky Flame             Conj/Fire      0%         2d3       100%        4
 Agony                    Necr           0%         N/A       100%        5
 Metabolic Englaciation   Hex/Ice        0%         N/A       100%        5
 Silence                  Hex/Air        0%         N/A       100%        5
 Enfeeble                 Hex            0%         N/A       100%        7
 Storm Form               Tmut/Air       0%         N/A       100%        7
 Discord                  Hex            0%         N/A       100%        8
 Maxwell's Capacitive Co  Air            0%         ∞         100%        8
 Death's Door             Necr           0%         N/A       100%        9
 Summon Lightning Spire   Summ/Air       Unusable   N/A       N/A         4
 Simulacrum               Ice/Necr       Unusable   N/A       N/A         6

Dungeon Overview and Level Annotations

Branches:
Dungeon (13/15)            Temple (1/1) D:4            Lair (1/5) D:9
    Orc (2/2) D:10
    Elf: Orc:2       Vaults: D:13-14

Altars:
Ashenzari
Cheibriados
Dithmenos
Elyvilon
Fedhas
Gozag
Hepliaklqana
Kikubaaqudgha
Makhleb
Nemelex Xobeh
Okawaru
Qazlal
Ru
Trog
Uskayaw
Vehumet
Wu Jian
Zin
The Shining One

Shops:
D:2 ?   D:4 =   D:10 [[   D:12 =


Innate Abilities, Weirdness & Mutations

You have a pair of horns on your head.
You reflexively headbutt those who attack you in melee.
You are very agile. (Dex +8, Str/Int -2)
Your flesh is cold resistant. (rC+)
Your flesh is heat resistant. (rF+)


Message History

You hit the wraith but do no damage. The wraith barely misses you.
You furiously retaliate!
You headbutt the wraith. You slash the wraith! The wraith misses you.
You furiously retaliate!
You headbutt the wraith, but do no damage.
You hit the wraith but do no damage. You slash the wraith!
Your headbutt misses the wraith. The wraith closely misses you.
You slice the wraith!!
You destroy the wraith!
Okawaru accepts your kill.
Your base Armour skill increases to level 5!
i - a scroll of identify {@r1};
P - a lightning rod (4/4) {!a}
As you read the scroll of identify {@r1}, it crumbles to dust.
H - 3 potions of flight
There is an open door here.
There is an open door, spattered with blood here.
You reach down and open the door.
A deep elf pyromancer and a +2 vorpal glaive come into view.
The deep elf pyromancer shouts!
Found a scale mail.
Aim: a deep elf pyromancer, wielding a +0 rapier and wearing a +0 leather armour The mass of ice explodes!
The iceblast engulfs the deep elf pyromancer!!
The deep elf pyromancer points at you and mumbles some strange words.
The bolt of fire hits you. You resist.
There is an open door here.
You feel more confident with your borrowed prowess.
The +2 vorpal glaive hits you from afar!!
The deep elf pyromancer mumbles some strange words.
The deep elf pyromancer blinks!
The +2 vorpal glaive hits you!
You closely miss the +2 vorpal glaive.
The +2 vorpal glaive closely misses you.
You slash the +2 vorpal glaive!
You headbutt the +2 vorpal glaive, but do no damage.
You completely miss the +2 vorpal glaive.
The +2 vorpal glaive hits you!
You hit the +2 vorpal glaive but do no damage.
The +2 vorpal glaive hits you!
* * * LOW HITPOINT WARNING * * *
* * * LOW HITPOINT WARNING * * *
You barely miss the +2 vorpal glaive.
The deep elf pyromancer casts a spell.
The deep elf pyromancer blinks!
The +2 vorpal glaive barely misses you.
You miss the +2 vorpal glaive. The +2 vorpal glaive hits you!!
* * * LOW HITPOINT WARNING * * *
* * * LOW HITPOINT WARNING * * *
Unknown command.
You barely miss the +2 vorpal glaive. The +2 vorpal glaive hits you!!
You die...

.#####...####.........#.........#
.#####..###.........#####........
........#.###.....#'#.# #'#..)(.#
........#...#'#.###...#...###.#'#
####'####.....###.....#.. ###..
........#......####...#. #...
........#......#..###.# #...
#####'###......#....### #...
........'.e....'@(...[# +...
#########.....§#....### #...
#......#..#+# #... #......####
#... #.....## ##.. #...### ###
#.### # ### #


You could see a deep elf pyromancer and a +2 vorpal glaive.

Vanquished Creatures
  Gastronok (D:9)
  A great orb of eyes (D:12)
  An ice dragon (D:12)
  A boulder beetle (D:7)
  A centaur warrior (D:9)
  Erica (D:11)
  A two-headed ogre (D:7)
  Sonja (Lair:1)
  A wolf spider (D:12)
  5 ugly things
  4 cyclopes
  3 manticores
  3 gargoyles
  2 cane toads (Lair:1)
  A kobold demonologist (D:9)
  2 komodo dragons
  2 trolls
  3 hornets
  A hornet (shapeshifter) (D:9)
  Grinder (D:4)
  5 slime creatures (D:12)
  A shadow (D:9)
  A vampire (D:11)
  19 yaks
  5 wraiths
  A basilisk (Lair:1)
  2 wyverns
  Grum (D:8)
  2 wargs (Orc:1)
  2 steam dragons (D:7)
  9 vampire mosquitoes (D:12)
  2 acid dragons
  4 water moccasins
  4 black bears
  2 sky beasts (D:7)
  3 ice beasts
  10 orc warriors
  4 ogres
  9 centaurs
  4 wolves (D:8)
  A phantom (D:4)
  2 kobold brigands
  7 bullfrogs
  A gnoll sergeant (D:9)
  3 necrophages
  A scorpion (D:6)
  9 wights
  4 killer bees (D:9)
  A jelly (D:5)
  2 vampire bats (Lair:1)
  2 howler monkeys (D:9)
  5 hounds
  A gnoll bouda (D:4)
  5 orc priests
  5 iguanas
  10 orc wizards
  5 adders
  18 gnolls
  A shadow imp (D:6)
  A white imp (D:7)
  2 ufetubi (D:7)
  4 worms
  3 dart slugs (D:2)
  36 orcs
  3 endoplasms
  4 giant cockroaches
  9 goblins
  3 hobgoblins
  A jackal (D:2)
  4 quokkas
  3 ball pythons
  14 bats
  A frilled lizard (D:2)
  15 kobolds
  5 rats
317 creatures vanquished.

Vanquished Creatures (collateral kills)
  A kobold brigand (D:9)
  A gnoll sergeant (D:9)
  4 gnolls (D:9)
  An adder (D:2)
  2 goblins (D:2)
  3 kobolds
12 creatures vanquished.

Vanquished Creatures (others)
  12 fungi
  43 plants
  8 toadstools (Lair:1)
63 creatures vanquished.

Grand Total: 392 creatures vanquished

Notes
Turn   | Place    | Note
-------+----------+-------------------------------------------
     0 | D:1      | Pooter the Minotaur Monk began the quest for the Orb.
     0 | D:1      | Reached XP level 1. HP: 19/19 MP: 0/0
   593 | D:1      | Reached XP level 2. HP: 24/27 MP: 1/1
   645 | D:1      | Reached skill level 4 in Axes
   839 | D:2      | Found a faded altar of an unknown god.
  1025 | D:2      | Found an ornate altar of the Wu Jian Council.
  1035 | D:2      | Found Sazuottu's Magic Scroll Emporium.
  1042 | D:2      | Reached XP level 3. HP: 33/33 MP: 2/2
  1058 | D:2      | Bought a scroll of identify for 24 gold pieces
  1058 | D:2      | Bought a scroll of identify for 24 gold pieces
  1370 | D:2      | Reached skill level 1 in Ranged Weapons
  1472 | D:2      | Reached XP level 4. HP: 27/40 MP: 3/3
  1887 | D:2      | Bought a scroll of blinking for 90 gold pieces
  2451 | D:3      | Found a sparkling altar of Nemelex Xobeh.
  2456 | D:3      | Reached skill level 5 in Axes
  2511 | D:4      | Found Umauttacw's Jewellery Shoppe.
  2525 | D:4      | Found a staircase to the Ecumenical Temple.
  2533 | D:4      | Identified a scroll of acquirement
  2534 | D:4      | Acquired a +2 broad axe of venom
  2545 | Temple   | Entered the Ecumenical Temple
  2608 | Temple   | Became a worshipper of Warmaster Okawaru
  2608 | Temple   | Reached * piety under Okawaru
  2608 | Temple   | Reached ** piety under Okawaru
  2674 | D:4      | Reached XP level 5. HP: 24/47 MP: 0/4
  3188 | D:4      | Noticed Grinder
  3200 | D:4      | Paralysed by Grinder for 3 turns
  3208 | D:4      | Killed Grinder
  3209 | D:4      | Reached skill level 1 in Evocations
  3209 | D:4      | Reached XP level 6. HP: 6/55 MP: 0/5
  3501 | D:4      | Found a burning altar of Makhleb.
  3504 | D:4      | Reached skill level 6 in Axes
  3656 | D:4      | Reached skill level 5 in Fighting
  3656 | D:4      | Reached XP level 7. HP: 57/61 MP: 4/6
  3922 | D:5      | Entered Level 5 of the Dungeon
  4207 | D:5      | Found a hide-covered altar of Uskayaw.
  4302 | D:2      | Bought a scroll of enchant armour for 90 gold pieces
  4398 | D:5      | Reached *** piety under Okawaru
  4399 | D:5      | Reached skill level 1 in Invocations
  4597 | D:5      | Found Zin's Purification Station.
  4598 | D:5      | Found a glowing silver altar of Zin.
  4623 | D:5      | Found a stormy altar of Qazlal.
  4623 | D:5      | Found a broken altar of Ashenzari.
  4633 | D:5      | Found a white marble altar of Elyvilon.
  4636 | D:5      | Found a bloodstained altar of Trog.
  4638 | D:5      | Found a snail-covered altar of Cheibriados.
  4647 | D:5      | Found a glowing golden altar of the Shining One.
  5025 | D:6      | Found an opulent altar of Gozag.
  5304 | D:6      | Reached skill level 7 in Axes
  5304 | D:6      | Reached XP level 8. HP: 41/69 MP: 8/8
  5443 | D:6      | Reached skill level 5 in Ranged Weapons
  6086 | D:7      | Reached skill level 8 in Axes
  6090 | D:7      | Reached **** piety under Okawaru
  6340 | D:7      | Reached XP level 9. HP: 66/75 MP: 10/10
  6405 | D:7      | Found a radiant altar of Vehumet.
  6779 | D:7      | Found an ancient bone altar of Kikubaaqudgha.
  6874 | D:7      | Noticed a boulder beetle
  6887 | D:7      | Killed a boulder beetle
  6887 | D:7      | Reached ***** piety under Okawaru
  6888 | D:7      | Reached skill level 9 in Axes
  7032 | D:7      | Noticed a two-headed ogre
  7040 | D:7      | Killed a two-headed ogre
  7040 | D:7      | Received a gift from Okawaru
  7041 | D:7      | Reached skill level 5 in Stealth
  7041 | D:7      | Reached XP level 10. HP: 64/86 MP: 8/12
  7261 | D:7      | Got Romirghu's Compendium of Gusts and Stolen Souls
  7861 | D:8      | Reached skill level 10 in Axes
  7965 | D:5      | Bought 2 potions of curing for 180 gold pieces
  8407 | D:8      | Noticed Grum
  8422 | D:8      | Killed Grum
  8603 | D:8      | Paralysed by a hornet for 1 turns
  8605 | D:8      | Paralysed by a hornet for 3 turns
  8608 | D:8      | HP: 3/88 [poisoned by a hornet]
  9672 | D:9      | Found a staircase to the Lair.
 10068 | D:9      | Reached skill level 5 in Invocations
 10068 | D:9      | Reached skill level 5 in Evocations
 10076 | D:9      | Noticed a centaur warrior
 10094 | D:9      | Killed a centaur warrior
 10095 | D:9      | Reached skill level 11 in Axes
 10102 | D:9      | Noticed a manticore
 10113 | D:9      | Killed a manticore
 10113 | D:9      | Identified the +1 plate armour "Acorriem" {Str+2 Dex+4}
                  | (Okawaru gifted it to you on level 9 of the Dungeon)
 10113 | D:9      | Received a gift from Okawaru
 10116 | D:9      | Reached XP level 11. HP: 57/94 MP: 4/13
 10301 | D:9      | Found an ornate altar of the Wu Jian Council.
 10443 | D:9      | Found a sacrificial altar of Ru.
 10680 | D:9      | Noticed a red ugly thing
 10689 | D:9      | Killed a red ugly thing
 10798 | D:9      | Reached skill level 10 in Ranged Weapons
 11061 | D:9      | Noticed Gastronok
 11080 | D:9      | Killed Gastronok
 11081 | D:9      | Reached skill level 12 in Axes
 12229 | D:10     | Entered Level 10 of the Dungeon
 12237 | D:10     | Found Munidiu's Antique Armour Boutique.
 12393 | D:4      | Bought a ring of flight for 227 gold pieces
 12445 | D:2      | Bought a scroll of magic mapping for 90 gold pieces
 12771 | D:10     | Found Seopsafaff's Antique Armour Shop.
 13164 | D:10     | Reached skill level 1 in Armour
 13185 | D:10     | Found a staircase to the Orcish Mines.
 13197 | Orc:1    | Entered Level 1 of the Orcish Mines
 13351 | Orc:1    | Found a bloodstained altar of Trog.
 13644 | Orc:2    | Entered Level 2 of the Orcish Mines
 13644 | Orc:2    | Noticed an orc high priest
 13718 | Orc:2    | Noticed an orc sorcerer
 14031 | Lair:1   | Entered Level 1 of the Lair of Beasts
 14039 | Lair:1   | Noticed Sonja
 14047 | D:9      | Received a gift from Okawaru
 14302 | Lair:1   | Killed Sonja
 14303 | Lair:1   | Reached XP level 12. HP: 104/104 MP: 15/15
 14491 | Lair:1   | Gained mutation: Your flesh is heat resistant. (rF+)
                  | [potion of mutation]
 14491 | Lair:1   | Gained mutation: You are agile. (Dex +4, Str/Int -1)
                  | [potion of mutation]
 14491 | Lair:1   | Gained mutation: You are very agile. (Dex +8, Str/Int -2)
                  | [potion of mutation]
 14491 | Lair:1   | Gained mutation: Your flesh is cold resistant. (rC+)
                  | [potion of mutation]
 14649 | Lair:1   | Reached skill level 13 in Axes
 14842 | Lair:1   | Noticed a six-headed hydra
 15759 | D:11     | Noticed Erica
 15767 | D:11     | Killed Erica
 16244 | D:12     | Found an ornate altar of the Wu Jian Council.
 16896 | D:12     | Received a gift from Okawaru
 16897 | D:12     | Reached skill level 10 in Fighting
 17083 | D:12     | Found Wuizucw's Jewellery Boutique.
 17089 | D:12     | Bought an amulet of regeneration for 360 gold pieces
 17131 | D:12     | Noticed an ice dragon
 17140 | D:12     | Killed an ice dragon
 17187 | D:12     | Reached skill level 14 in Axes
 17375 | D:12     | Noticed a great orb of eyes
 17381 | D:12     | Killed a great orb of eyes
 17410 | D:12     | Reached XP level 13. HP: 110/114 MP: 14/17
 17456 | D:12     | Reached skill level 5 in Armour
 17494 | D:12     | Slain by a +2 vorpal glaive

Illustrated notes

Levels and vault maps discovered:
D:1:      wander_arrival_fairy_ring, layout_basic
D:2:      minmay_diamond_boxcup, layout_rooms, serial_shops,
          nicolae_shop_crystal, basic_altar, nicolae_ecumenical_pavilion,
          minmay_pentomino_pile
D:3:      layout_rooms, nemelex_diamond_rough_becter
D:4:      layout_gridville, makhleb_heckhound_becter, minmay_temple_entry_wispy,
          serial_shops, nicolae_shop_temple_entry_statues_fountains,
          uniq_grinder
D:5:      layout_basic, zin_purify, nicolae_uskayaw_suspiria,
          nicolae_overflow_hallway_of_the_gods, dreamdust_gnoll_farm
D:6:      layout_loops_ring, grunt_gozag_breadcrumbs, grunt_ministairs_14
D:7:      nzn_winding_woodlands_three_and_one
          [nzn_winding_woodlands_5x15_lazy_stream,
          nzn_winding_woodlands_5x15_eye,
          nzn_winding_woodlands_5x15_split_checker,
          nzn_winding_woodlands_center_garden], layout_loops_ring,
          kennysheep_little_box, nicolae_kikubaaqudgha_miasma_corner
D:8:      layout_basic, uniq_grum
D:9:      minmay_bloctagon, layout_irregular_city, amcnicky_altar_gilded,
          lemuel_round_altar, david_lair_shrubbed, uniq_gastronok
D:10:     minmay_stone_box, layout_irregular_city, marbit_many_paths,
          david_orc_4, serial_shops, shop, nicolae_shop_hallway_stairs,
          nicolae_shop_hallway_plus
D:11:     wad_pebble_path, layout_rooms, uniq_erica
D:12:     nicolae_hexawheel, layout_stronghold, serial_shops, shop,
          nicolae_wu_jian_wuxing_cycle
D:13:     emtedronai_trogs_sanctum, layout_basic, david_vaults_3, serial_shops,
          nicolae_shop_statue_plus, nzn_life_drinkers, uniq_azrael
Temple:   hellmonk_temple_beads
Lair:1:   gammafunk_lair_enchanted_lake, layout_regular_city, roderic_batcave,
          uniq_sonja
Orc:1:    layout_diamond_mine, basic_altar, hangedman_feature_mirror,
          uniq_nergalle
Orc:2:    st_orc_mages, layout_caves, serial_shops,
          nicolae_shop_bloodbath_and_beyond

Skill      XL: |  1  2  3  4  5  6  7  8  9 10 11 12 13 |
---------------+----------------------------------------+-----
Axes           | 4 5 6 7 8 9 11 12 14 | 14.2
Stealth        | 2 3 4 5 |  5.2
Fighting       | 4 5 6 7 8 9 10 | 10.3
Ranged Weapons | 1 2 3 4 6 7 9 11 12 | 12.5
Evocations     | 1 2 3 4 5 6 7 |  7.2
Invocations    | 1 2 4 5 6 7 |  7.6
Armour         | 2 4 5 |  5.0
Dodging        | |  3.6

Action                   |  1- 3 |  4- 6 |  7- 9 | 10-12 | 13-15 || total
-------------------------+-------+-------+-------+-------+-------++-------
Melee: Hand axe          |    70 |    23 |       |       |       ||    93
       Headbutt          |    11 |    10 |    13 |    82 |     3 ||   119
       Trident           |       |     6 |       |       |       ||     6
       Broad axe         |       |    41 |   106 |   351 |    21 ||   519
       Punch             |       |     1 |       |     7 |     1 ||     9
 Fire: Sling             |       |    39 |    25 |       |       ||    64
       Shortbow          |       |       |    11 |    41 |       ||    52
       Arbalest          |       |       |       |    72 |       ||    72
Throw: Dart              |    18 |     9 |     3 |    39 |       ||    69
Invok: Heroism           |       |     3 |     6 |    30 |     2 ||    41
       Finesse           |       |       |       |     5 |       ||     5
Evoke: Wand              |       |     1 |     3 |    26 |     1 ||    31
  Use: Scroll            |     5 |     5 |     9 |    21 |     1 ||    41
       Potion            |       |       |       |     7 |       ||     7
 Stab: Sleeping          |     1 |       |     1 |       |       ||     2
       Invisible         |       |       |     1 |     2 |       ||     3
       Paralysed         |       |       |       |    11 |       ||    11
Armor: Robe              |     1 |       |       |       |       ||     1
       Ring mail         |    21 |    30 |    13 |       |       ||    64
       Chain mail        |       |       |    43 |    72 |       ||   115
       Plate armour      |       |       |       |   149 |     5 ||   154
Dodge: Dodged            |    42 |    66 |    71 |   174 |    11 ||   364

Table legend: (Time is in decaauts)
 A = Elapsed time spent in this place.
 B = Non-inter-level travel time spent in this place.
 C = Inter-level travel time spent in this place.
 D = Time resting spent in this place.
 E = Time spent auto-exploring this place.
 F = Levels seen in this place.
 G = Mean time per level.
                   A        B        C        D        E       F      G
               +--------+--------+--------+--------+--------+-----+--------+
         Total |  17576 |  16407 |   1169 |   5629 |   8069 |  17 | 1033.9 |
       Dungeon |  16036 |  14948 |   1088 |   5035 |   7618 |  13 | 1233.5 |
        Temple |    117 |     64 |     53 |      0 |     51 |   1 |  117.0 |
          Lair |    665 |    665 |      0 |    254 |    210 |   1 |  665.0 |
  Orcish Mines |    756 |    728 |     28 |    339 |    190 |   2 |  378.0 |
               +--------+--------+--------+--------+--------+-----+--------+

Top non-repeatable levels by time:
     D:9: 3752 daAuts
     D:7: 1785 daAuts
     D:8: 1608 daAuts
    D:12: 1272 daAuts
     D:2: 1272 daAuts
     D:6: 1237 daAuts
     D:4: 1085 daAuts
     D:5: 935 daAuts
     D:3: 884 daAuts
     D:1: 840 daAuts
   Orc:1: 748 daAuts
    D:10: 687 daAuts
    D:11: 669 daAuts
  Lair:1: 665 daAuts
  Temple: 117 daAuts
